 Dungeon Crawl Stone Soup version 0.31.0-11-ge490571c62 (webtiles) character file.

Game seed: 1847046535183108961

110854 qw the Acrobat (level 15, -7/77 HPs)
             Began as a Spriggan Hunter on Feb 3, 2024.
             Was a High Priest of Okawaru.
             Mangled by a merfolk
             ... wielding a +0 trident
              (19 damage)
             ... on level 1 of the Shoals.
             The game lasted 00:06:03 (18820 turns).

qw the Acrobat (Spriggan Hunter)                   Turns: 18820, Time: 00:06:04

Health: -7/77      AC:  8    Str:  7    XL:     15   Next: 53%
Magic:  23/23      EV: 46    Int: 16    God:    Okawaru [*****.]
Gold:   2529       SH:  0    Dex: 30    Spells: 14/14 levels left

rFire   + . .        u - +3 hand cannon (drain)
rCold   + . .        (no shield)
rNeg    + . .        p - +1 robe of Submission {rC+ Slay+3}
rPois   .            t - +2 hat {Int+3}
rElec   +            v - +2 cloak
rCorr   .            (gloves unavailable)
SInv    +            (boots unavailable)
Will    ++...        y - amulet of faith
Stlth   +++          e - ring of the Solstice {rElec rF+ rN+ Slay+4}
HPRegen 0.32/turn    d - +6 ring of dexterity
MPRegen 0.18/turn

%: faith
@: about to teleport, very quick
A: very small, no large weapons, unfitting armour, see invisible, speed 3
a: Renounce Religion, Heroism, Finesse, Duel


You were on level 1 of the Shoals.
You worshipped Okawaru.
Okawaru was extremely pleased with you.
You visited 5 branches of the dungeon, and saw 24 of its levels.
You also visited: Sewer.

You collected 2981 gold pieces.
You spent 452 gold pieces at shops.


Innate Abilities, Weirdness & Mutations

You are very small and have problems with some larger weapons.
You are too small for most types of armour.
You have supernaturally acute eyesight. (SInv)
You cover ground extremely quickly. (Speed+++)


   Skills:
 - Level 8.0 Fighting
 + Level 18.5 Ranged Weapons
 - Level 2.0 Armour
 - Level 21.0 Dodging
 - Level 1.5 Stealth
 - Level 10.0 Invocations


You had 14 spell levels left.
You didn't know any spells.
Your spell library was empty.

Inventory:

Hand Weapons
 u - a +3 hand cannon of draining (weapon)
Armour
 h - a scarf of resistance
 p - the +1 robe of Submission (worn) {rC+ Slay+3}
   (You took it off an orc on level 11 of the Dungeon)

   Slay+3:    It affects your accuracy & damage with ranged weapons and melee
   (+3).
   rC+:       It protects you from cold.
 t - a +2 hat of intelligence (worn)
 v - a +2 cloak (worn)
 z - a +0 troll leather armour
Jewellery
 a - the amulet of Morality {Reflect rF- Int-2 Dex+9 SH+5 Stlth+}
   (You acquired it on level 1 of the Dungeon)

   [amulet of reflection]

   Reflect:   It reflects blocked missile attacks.
   Int-2:     It affects your intelligence (-2).
   Dex+9:     It affects your dexterity (+9).
   rF-:       It makes you vulnerable to fire.
   SH+5:      It affects your SH (+5).
   Stlth+:    It makes you more stealthy.
 d - a +6 ring of dexterity (right hand)
 e - the ring of the Solstice (left hand) {rElec rF+ rN+ Slay+4}
   (You acquired it on level 1 of the Dungeon)

   [ring of slaying]

   Slay+4:    It affects your accuracy & damage with ranged weapons and melee
   (+4).
   rF+:       It protects you from fire.
   rElec:     It insulates you from electricity.
   rN+:       It protects you from negative energy.
 y - an amulet of faith (around neck)
 Y - a +5 ring of evasion
Wands
 b - a wand of paralysis (27)
 i - a wand of mindburst (12)
 j - a wand of polymorph (16)
 k - a wand of iceblast (12)
 r - a wand of acid (11)
Scrolls
 g - 11 scrolls of teleportation
 s - 5 scrolls of identify
 x - 2 scrolls of enchant armour
Potions
 c - a potion of magic
 f - 7 potions of curing
 l - a potion of enlightenment
 o - 4 potions of haste
 q - 4 potions of mutation
 w - a potion of resistance
 A - a potion of might

Dungeon Overview and Level Annotations

Branches:
Dungeon (15/15)            Temple (1/1) D:5            Lair (5/5) D:9
 Shoals (1/4) Lair:2        Snake (0/4) Lair:3        Slime (0/5) Lair:4
    Orc (2/2) D:9             Elf (0/3) Orc:2        Vaults (0/5) D:14
 Depths (0/4) D:15          Sewer (visited)

Altars:
Ashenzari
Cheibriados
Dithmenos
Elyvilon
Fedhas
Gozag
Hepliaklqana
Kikubaaqudgha
Makhleb
Nemelex Xobeh
Okawaru
Qazlal
Ru
Sif Muna
Trog
Uskayaw
Vehumet
Wu Jian
Xom
Yredelemnul
Zin
The Shining One

Shops:
D:1 *   D:5 [   Orc:2 =::[

Annotations:
D:11 exclusion: moth of wrath
Lair:2 3 runed translucent doors, qw's ghost, journeyman DjHu
Orc:1 3 runed translucent doors, Dootley's ghost, journeyman FoFi; Jisity's ghost, adept HuFi; Segg's ghost, adept GnSk


Message History

You shoot a bolt. The bolt closely misses the sea snake.
The centaur warrior wields a +0 orcbow.
The centaur warrior shoots an arrow.
The arrow completely misses you.
You shoot a bolt. The bolt closely misses the sea snake.
You hear a shout!
The centaur warrior shoots an arrow.
The arrow completely misses you.
The centaur warrior shoots an arrow.
The arrow completely misses you.
The sea snake bites you but does no damage.
You shoot a bolt. The bolt hits the sea snake!!!
You drain the sea snake!
The sea snake is severely wounded.
The centaur warrior shoots an arrow.
The arrow hits you!!
A merfolk comes into view. It is wielding a +0 trident.
The sea snake completely misses you.
You shoot a bolt. The bolt hits the sea snake!
The sea snake is almost dead.
The centaur warrior shoots an arrow.
The arrow completely misses you. The sea snake bites you!
The centaur warrior shoots an arrow.
The arrow completely misses you. The skyshark completely misses you. x3
You shoot a bolt. The bolt hits the sea snake!
You kill the sea snake!
Okawaru accepts your kill.
The centaur warrior shoots an arrow.
The arrow hits you! The skyshark completely misses you. x2
The skyshark tail-slaps you but does no damage.
Your Dodging skill increases to level 21!
You shoot a bolt. The bolt barely misses the skyshark.
The skyshark bites you but does no damage.
The skyshark completely misses you. x2; The centaur warrior shoots an arrow.
The arrow completely misses you.
You shoot a bolt. The bolt closely misses the skyshark.
The centaur warrior shoots an arrow.
The arrow hits you!! The skyshark completely misses you.
The skyshark barely misses you. The skyshark completely misses you.
18819 ||| READING 12 scrolls of teleportation.
As you read the scroll of teleportation, it crumbles to dust.
You feel strangely unstable.
The skyshark completely misses you. x2; The skyshark misses you.
You shoot a bolt. The bolt barely misses the skyshark.
The merfolk hits you from afar with a +0 trident!!
You die...

#........~~~~~~~~ ~
#........~~~~~~~P..#....
.~~......~~~~~~. P...P..
~~~...........~. .......
~...###.....#.. .......
.....##.....# ..c~...
~...........#####.m.~~~.,
~~~...~~......##.0.~~~..
~~~~...~~~.....0@.~~~~..
~~~~~~~.~~.~~....F~~~~~.
~~~~~~~~~~....~~~~~~~~~)
~~~~~~~~..###.~...~~~~~
~~~~~~~~... #......~~~~
~~~~~~~~.. ...~~~~~~~~
~~~~~~~~~..~~~~~~~~~~ ~~~
~.~~~~~~~~~~~


You could see a skyshark (drained), a merfolk and a centaur warrior.

Vanquished Creatures
  Rupert (Lair:4)
  Kirke (D:12)
  Roxanne (Shoals:1)
  Josephine (D:10)
  A fire dragon (D:15)
  Erolcha (D:10)
  A catoblepas (D:14)
  8 vault guards (D:14)
  An ice dragon (D:15)
  5 hydras
  3 centaur warriors
  9 two-headed ogres
  2 ogre magi (Orc:2)
  3 boulder beetles
  3 death yaks (Lair:5)
  6 skysharks
  Amaemon (Lair:3)
  A sea snake (Shoals:1)
  2 deep trolls (Orc:2)
  2 deep elf pyromancers (D:13)
  3 harpies (Shoals:1)
  3 orc knights
  2 orc sorcerers
  2 fauns (Shoals:1)
  4 manticores
  9 cyclopes
  A merfolk siren (Shoals:1)
  4 elephants (Lair:3)
  5 black mambas
  A water nymph (Shoals:1)
  An ice statue (D:11)
  5 kobold blastminers (Orc:1)
  An orange demon (Lair:3)
  15 cane toads
  2 gargoyles
  A kobold demonologist (D:12)
  3 yaktaurs (D:15)
  6 komodo dragons
  2 unseen horrors (D:12)
  6 rime drakes
  An efreet (D:15)
  2 tengu conjurers (D:14)
  11 trolls
  2 polar bears
  7 merfolk
  2 tyrant leeches (Lair:5)
  Prince Ribbit (Lair:3)
  26 blink frogs
  3 hornets
  A snapping turtle (Shoals:1)
  Sigmund (D:2)
  4 dream sheep (Lair:3)
  8 slime creatures
  6 wraiths
  A yak (shapeshifter) (D:15)
  A culicivora (shapeshifter) (D:13)
  2 vampires
  31 yaks
  A warg (Orc:1)
  6 hogs (D:12)
  A human (D:12)
  9 vampire mosquitoes
  3 basilisks
  4 wyverns
  2 steam dragons
  2 nagas (Lair:3)
  3 acid dragons
  6 water moccasins
  14 orc warriors
  3 sky beasts
  3 black bears
  An ice beast (D:7)
  A crocodile (Sewer)
  24 ogres
  15 wolves
  10 centaurs
  2 phantoms (D:5)
  13 bullfrogs
  3 kobold brigands
  A gnoll sergeant (D:9)
  4 scorpions
  9 wights
  16 killer bees
  6 electric eels
  A lava snake (Lair:4)
  4 jellies
  7 hounds
  2 bombardier beetles
  15 orc priests
  6 iguanas
  21 orc wizards
  4 gnolls (D:9)
  7 adders
  4 ufetubi
  5 ribbon worms
  2 dart slugs
  81 orcs
  8 ball pythons
  4 bats
  7 endoplasms
  7 giant cockroaches
  6 goblins
  8 hobgoblins
  9 jackals
  4 quokkas
  6 frilled lizards
  24 kobolds
  12 rats
655 creatures vanquished.

Vanquished Creatures (others)
  A troll (D:14)
1 creature vanquished.

Grand Total: 656 creatures vanquished

Notes
Turn   | Place    | Note
-------+----------+-------------------------------------------
     0 | D:1      | qw the Spriggan Hunter began the quest for the Orb.
     0 | D:1      | Reached XP level 1. HP: 10/10 MP: 2/2
     0 | D:1      | 0 ||| qw: Version: 0.3-a-155-g5e7d8dd
     0 | D:1      | 0 ||| qw: Game counter: 3106
     0 | D:1      | 0 ||| qw: Melee chars always use a shield: true
     0 | D:1      | 0 ||| qw: God list: Okawaru
     0 | D:1      | 0 ||| qw: Allow faded altars: false
     0 | D:1      | 0 ||| qw: Do Orc after clearing Dungeon:15 true
     0 | D:1      | 0 ||| qw: Do second Lair branch before Depths: true
     0 | D:1      | 0 ||| qw: Lair rune preference: random
     0 | D:1      | 0 ||| qw: Goals: Normal
     0 | D:1      | 0 ||| PLANNING D:1-11
   100 | D:1      | Reached skill level 3 in Dodging
   136 | D:1      | Found Omel's Assorted Antiques.
   144 | D:1      | 144 ||| SHOPLISTING copper wand (92 gold, have 28).
   144 | D:1      | 144 ||| BUYING fuming pink potion (20 gold).
   144 | D:1      | Bought a fuming pink potion for 20 gold pieces
   144 | D:1      | 144 ||| SHOPLISTING scroll labelled HYOT ARCHIF DAJ (23
                  | gold, have 8).
   144 | D:1      | 144 ||| SHOPLISTING scroll labelled OCUOMU LIBRUFO (23
                  | gold, have 8).
   144 | D:1      | 144 ||| SHOPLISTING scroll labelled PEUFER ZOUPT (23 gold,
                  | have 8).
   144 | D:1      | 144 ||| SHOPLISTING scroll labelled VIENUKLIYK (23 gold,
                  | have 8).
   172 | D:1      | Reached XP level 2. HP: 14/14 MP: 3/3
   195 | D:1      | Reached skill level 4 in Dodging
   501 | D:1      | 501 ||| READING 2 scrolls labelled SUNUACO ZADOCS.
   502 | D:1      | 502 ||| READING scroll labelled ZONEAPSA CAIRUNE.
   503 | D:1      | 503 ||| READING scroll labelled YLECU QINILEAD.
   508 | D:1      | 508 ||| READING scroll labelled OCUOMU LIBRUFO.
   609 | D:1      | 609 ||| READING scroll labelled HYOT ARCHIF DAJ.
   609 | D:1      | 609 ||| IDENTIFYING fuming pink potion
   610 | D:1      | 610 ||| READING 3 scrolls labelled ICEOCA RUCHATZ.
   610 | D:1      | Identified 3 scrolls of acquirement
   610 | D:1      | 610 ||| ACQUIRING ring of the Solstice {rElec rF+ rN+
                  | Slay+4}
   610 | D:1      | Acquired the ring of the Solstice {rElec rF+ rN+ Slay+4}
   612 | D:1      | 612 ||| UPGRADING to ring of the Solstice {rElec rF+ rN+
                  | Slay+4}.
   613 | D:1      | 613 ||| READING 2 scrolls of acquirement.
   613 | D:1      | 613 ||| ACQUIRING +2 arbalest of freezing
   613 | D:1      | Acquired a +2 arbalest of freezing
   615 | D:1      | 615 ||| SWAPPING to +2 arbalest of freezing.
   616 | D:1      | 616 ||| DROPPING +0 shortbow.
   617 | D:1      | 617 ||| READING scroll of acquirement.
   617 | D:1      | 617 ||| ACQUIRING amulet of Morality {Reflect rF- Int-2
                  | Dex+9 SH+5 Stlth+}
   617 | D:1      | Acquired the amulet of Morality {Reflect rF- Int-2 Dex+9
                  | SH+5 Stlth+}
   619 | D:1      | 619 ||| UPGRADING to amulet of Morality {Reflect rF- Int-2
                  | Dex+9 SH+5 Stlth+}.
   624 | D:1      | 624 ||| DRINKING 2 fuming purple potions.
   670 | D:1      | 670 ||| DROPPING scroll of butterflies.
   671 | D:1      | 671 ||| DROPPING scroll of immolation.
   672 | D:1      | 672 ||| DROPPING potion of lignification.
   690 | D:2      | Reached XP level 3. HP: 18/18 MP: 4/4
   907 | D:2      | Found a bloodstained altar of Trog.
   978 | D:2      | Noticed Sigmund
   981 | D:2      | HP: 4/18 [Sigmund/puff of flame (9)]
   983 | D:2      | Killed Sigmund
   984 | D:2      | Reached skill level 7 in Dodging
   984 | D:2      | Reached XP level 4. HP: 5/22 MP: 5/5
   984 | D:2      | Reached XP level 5. HP: 6/25 MP: 6/6
  1264 | D:2      | 1264 ||| READING scroll labelled HUAMUP QUN.
  1264 | D:2      | 1264 ||| ENCHANTING +0 robe.
  1275 | D:3      | 1275 ||| STAIRDANCE
  1280 | D:3      | 1280 ||| STAIRDANCE
  1402 | D:3      | 1402 ||| READING 2 scrolls of identify.
  1402 | D:3      | 1402 ||| IDENTIFYING bubbling white potion
  1403 | D:3      | 1403 ||| READING scroll of identify.
  1403 | D:3      | 1403 ||| IDENTIFYING yellow potion
  1404 | D:3      | 1404 ||| DROPPING potion of berserk rage.
  1405 | D:3      | 1405 ||| DROPPING potion of degeneration.
  1406 | D:3      | Found a broken altar of Ashenzari.
  1521 | D:3      | Reached XP level 6. HP: 30/30 MP: 7/7
  1530 | D:3      | Found a faded altar of an unknown god.
  1754 | D:3      | Identified the amulet of Tuawk {rF- Regen+ Str+3 Int+2}
  2001 | D:3      | 2001 ||| DROPPING amulet of reflection.
  2002 | D:3      | 2002 ||| DROPPING amulet of Tuawk {rF- Regen+ Str+3 Int+2}.
  2003 | D:3      | 2003 ||| READING scroll of identify.
  2003 | D:3      | 2003 ||| IDENTIFYING amethyst potion
  2004 | D:3      | 2004 ||| DROPPING potion of brilliance.
  2117 | D:4      | Found a burning altar of Makhleb.
  2532 | D:4      | 2532 ||| READING 2 scrolls labelled QUHATIT LEMNA.
  2533 | D:4      | 2533 ||| DRINKING 2 silvery potions.
  2534 | D:4      | 2534 ||| DROPPING scroll of fog.
  2538 | D:5      | Entered Level 5 of the Dungeon
  2539 | D:5      | 2539 ||| PLANNING SEWER
  2557 | D:5      | Reached skill level 6 in Ranged Weapons
  2619 | D:5      | Reached skill level 8 in Dodging
  2619 | D:5      | Reached XP level 7. HP: 35/35 MP: 8/8
  2676 | D:5      | Found a shadowy altar of Dithmenos.
  2705 | D:5      | Found a glowing drain.
  2708 | D:5      | 2708 ||| UPGRADING to ring of protection from cold.
  2709 | D:5      | 2709 ||| READING 2 scrolls of identify.
  2709 | D:5      | 2709 ||| IDENTIFYING sapphire potion
  2710 | D:5      | 2710 ||| DROPPING potion of magic.
  2721 | Sewer    | Entered a sewer
  2818 | Sewer    | 2818 ||| READING scroll of identify.
  2818 | Sewer    | 2818 ||| IDENTIFYING 2 scrolls labelled HEUTWY TOFAFU
  2819 | Sewer    | 2819 ||| DROPPING 2 scrolls of blinking.
  2837 | D:5      | 2837 ||| PLANNING D:1-11
  2871 | D:5      | Found a staircase to the Ecumenical Temple.
  2872 | D:5      | 2872 ||| PLANNING TEMPLE
  2881 | D:5      | Reached skill level 9 in Dodging
  2890 | Temple   | Entered the Ecumenical Temple
  2891 | Temple   | 2891 ||| PLANNING OKAWARU WORSHIP
  2894 | Temple   | Became a worshipper of Warmaster Okawaru
  2895 | Temple   | 2895 ||| PLANNING D:1-11
  3012 | D:5      | Found Tycumem's Antique Armour Shoppe.
  3098 | D:5      | Reached XP level 8. HP: 34/39 MP: 9/9
  3176 | D:5      | Found a blossoming altar of Fedhas.
  3332 | D:5      | 3332 ||| UPGRADING to +0 cloak.
  3337 | D:5      | 3337 ||| READING scroll of enchant armour.
  3337 | D:5      | 3337 ||| ENCHANTING +0 cloak.
  3338 | D:5      | 3338 ||| DROPPING +6 ring of intelligence.
  3339 | D:5      | 3339 ||| DROPPING ring of magical power.
  3490 | D:6      | Reached skill level 3 in Fighting
  3519 | D:6      | Found an ancient bone altar of Kikubaaqudgha.
  3520 | D:6      | Found a white marble altar of Elyvilon.
  3565 | D:6      | 3565 ||| FLEEEEING.
  3566 | D:6      | 3566 ||| FLEEEEING.
  3567 | D:6      | 3567 ||| FLEEEEING.
  3568 | D:6      | 3568 ||| FLEEEEING.
  3569 | D:6      | 3569 ||| FLEEEEING.
  3570 | D:6      | 3570 ||| FLEEEEING.
  3571 | D:6      | 3571 ||| FLEEEEING.
  3572 | D:6      | 3572 ||| FLEEEEING.
  3573 | D:6      | 3573 ||| FLEEEEING.
  3574 | D:6      | 3574 ||| FLEEEEING.
  3575 | D:6      | 3575 ||| FLEEEEING.
  3576 | D:6      | 3576 ||| FLEEEEING.
  3577 | D:6      | 3577 ||| FLEEEEING.
  3578 | D:6      | 3578 ||| FLEEEEING.
  3579 | D:6      | 3579 ||| FLEEEEING.
  3580 | D:6      | 3580 ||| FLEEEEING.
  3581 | D:6      | 3581 ||| FLEEEEING.
  3582 | D:6      | 3582 ||| FLEEEEING.
  3583 | D:6      | 3583 ||| FLEEEEING.
  3584 | D:6      | 3584 ||| FLEEEEING.
  3585 | D:6      | 3585 ||| FLEEEEING.
  3586 | D:6      | 3586 ||| FLEEEEING.
  3587 | D:6      | 3587 ||| FLEEEEING.
  3588 | D:6      | 3588 ||| FLEEEEING.
  3590 | D:6      | 3590 ||| FLEEEEING.
  3591 | D:6      | 3591 ||| FLEEEEING.
  3592 | D:6      | 3592 ||| FLEEEEING.
  3593 | D:6      | 3593 ||| FLEEEEING.
  3595 | D:6      | 3595 ||| FLEEEEING.
  3596 | D:6      | 3596 ||| FLEEEEING.
  3597 | D:6      | 3597 ||| FLEEEEING.
  3598 | D:6      | 3598 ||| FLEEEEING.
  3599 | D:6      | 3599 ||| FLEEEEING.
  3600 | D:6      | 3600 ||| FLEEEEING.
  3601 | D:6      | 3601 ||| FLEEEEING.
  3602 | D:6      | 3602 ||| STAIRDANCE
  3625 | D:5      | 3625 ||| READING 3 scrolls labelled FIATOZ WYD.
  3726 | D:5      | 3726 ||| DROPPING 2 scrolls of silence.
  3731 | D:6      | Reached * piety under Okawaru
  3867 | D:6      | Reached skill level 1 in Invocations
  3943 | D:6      | Reached skill level 10 in Dodging
  4095 | D:6      | Found a stormy altar of Qazlal.
  4097 | D:6      | Reached skill level 3 in Invocations
  4099 | D:6      | Found a snail-covered altar of Cheibriados.
  4182 | D:7      | Reached ** piety under Okawaru
  4183 | D:7      | Reached XP level 9. HP: 44/44 MP: 12/12
  4183 | D:7      | 4183 ||| STAIRDANCE
  4186 | D:6      | 4186 ||| DROPPING wand of flame (20).
  4190 | D:7      | 4190 ||| STAIRDANCE
  4195 | D:7      | 4195 ||| STAIRDANCE
  4200 | D:7      | 4200 ||| STAIRDANCE
  4300 | D:7      | Reached skill level 9 in Ranged Weapons
  4362 | D:7      | 4362 ||| INVOKING Heroism.
  4418 | D:7      | 4418 ||| RETREEEEATING.
  4421 | D:7      | Reached skill level 11 in Dodging
  4592 | D:7      | Found a shimmering altar of Xom.
  4595 | D:7      | Reached *** piety under Okawaru
  5133 | D:7      | 5133 ||| UPGRADING to +5 ring of evasion.
  5135 | D:7      | 5135 ||| DROPPING ring of protection from cold.
  5136 | D:7      | 5136 ||| READING scroll labelled MOGHEUX GOINGO.
  5312 | D:8      | Reached skill level 12 in Dodging
  5424 | D:8      | Found a bloodstained altar of Trog.
  5454 | D:8      | Identified the +2 scale mail of Defiance {Harm rC+}
  5783 | D:8      | 5783 ||| UPGRADING to +0 steam dragon scales.
  5793 | D:8      | 5793 ||| DROPPING +1 robe.
  5794 | D:8      | 5794 ||| DROPPING amulet of guardian spirit.
  5795 | D:8      | 5795 ||| READING scroll of identify.
  5795 | D:8      | 5795 ||| IDENTIFYING glowing emerald potion
  5796 | D:8      | 5796 ||| READING scroll labelled YGGOLU SEOLOOR.
  5809 | D:9      | 5809 ||| RETREEEEATING.
  5810 | D:9      | 5810 ||| RETREEEEATING.
  5815 | D:9      | Reached skill level 1 in Armour
  5815 | D:9      | Reached XP level 10. HP: 49/49 MP: 14/14
  5841 | D:9      | Found a hide-covered altar of Uskayaw.
  5899 | D:9      | Reached **** piety under Okawaru
  5906 | D:9      | 5906 ||| RETREEEEATING.
  5907 | D:9      | 5907 ||| RETREEEEATING.
  5908 | D:9      | 5908 ||| RETREEEEATING.
  5909 | D:9      | 5909 ||| RETREEEEATING.
  5979 | D:9      | 5979 ||| RETREEEEATING.
  5981 | D:9      | 5981 ||| RETREEEEATING.
  5988 | D:9      | Reached skill level 13 in Dodging
  5991 | D:9      | 5991 ||| RETREEEEATING.
  5992 | D:9      | 5992 ||| RETREEEEATING.
  5993 | D:9      | 5993 ||| RETREEEEATING.
  5994 | D:9      | 5994 ||| RETREEEEATING.
  6017 | D:9      | Reached skill level 6 in Invocations
  6017 | D:9      | HP: 4/49 [orc warrior/+0 flail (14)]
  6018 | D:9      | 6018 ||| READING 6 scrolls of teleportation.
  6019 | D:9      | 6019 ||| DRINKING potion of heal wounds.
  6033 | D:9      | Reached ***** piety under Okawaru
  6138 | D:9      | Found a blossoming altar of Fedhas.
  6426 | D:9      | Found a staircase to the Lair.
  6605 | D:9      | Found a staircase to the Orcish Mines.
  6659 | D:9      | 6659 ||| PLANNING LAIR
  6714 | Lair:1   | Entered Level 1 of the Lair of Beasts
  6715 | Lair:1   | 6715 ||| INVOKING Finesse.
  6722 | Lair:1   | 6722 ||| STAIRDANCE
  6754 | Lair:1   | 6754 ||| STAIRDANCE
  6756 | D:9      | 6756 ||| RETREEEEATING.
  6757 | D:9      | 6757 ||| RETREEEEATING.
  6758 | D:9      | 6758 ||| RETREEEEATING.
  6852 | Lair:1   | Reached XP level 11. HP: 26/53 MP: 17/17
  6852 | Lair:1   | 6852 ||| FLEEEEING.
  7028 | Lair:1   | Received a gift from Okawaru
  7157 | Lair:1   | Reached skill level 14 in Dodging
  7458 | Lair:1   | 7458 ||| INVOKING Finesse.
  7471 | Lair:1   | Reached skill level 9 in Invocations
  7736 | Lair:1   | 7736 ||| READING 3 scrolls of identify.
  7736 | Lair:1   | 7736 ||| IDENTIFYING smoky green potion
  7737 | Lair:1   | 7737 ||| READING 2 scrolls of identify.
  7737 | Lair:1   | 7737 ||| IDENTIFYING 2 dark potions
  7738 | Lair:1   | 7738 ||| READING scroll of identify.
  7738 | Lair:1   | 7738 ||| IDENTIFYING scroll labelled PEUFER ZOUPT
  7739 | Lair:1   | 7739 ||| READING scroll of brand weapon.
  7739 | Lair:1   | 7739 ||| BRANDING +2 arbalest of freezing.
  7740 | Lair:1   | 7740 ||| READING scroll labelled VIENEZ PIASE.
  7875 | Lair:2   | Found a runed translucent gate.
  7877 | Lair:2   | Found a runed translucent gate.
  7878 | Lair:2   | Found a runed translucent gate.
  7878 | Lair:2   | Noticed qw's ghost (journeyman DjHu)
  7878 | Lair:2   | Noticed a 13-headed hydra
  7879 | Lair:2   | Noticed a nine-headed hydra
  7884 | Lair:2   | 7884 ||| RETREEEEATING.
  7885 | Lair:2   | 7885 ||| RETREEEEATING.
  7929 | Lair:2   | 7929 ||| RETREEEEATING.
  7932 | Lair:2   | Received a gift from Okawaru
  7940 | Lair:2   | Reached skill level 12 in Ranged Weapons
  8040 | Lair:2   | Noticed a skyshark
  8041 | Lair:2   | 8041 ||| INVOKING Finesse.
  8051 | Lair:2   | Killed a skyshark
  8119 | Lair:2   | 8119 ||| RETREEEEATING.
  8226 | Lair:2   | Found a staircase to the Shoals.
  8228 | Lair:2   | 8228 ||| RETREEEEATING.
  8234 | Lair:2   | 8234 ||| RETREEEEATING.
  8237 | Lair:2   | 8237 ||| RETREEEEATING.
  8238 | Lair:2   | HP: 13/55 [merfolk/+0 trident (6)]
  8239 | Lair:2   | 8239 ||| READING 6 scrolls of teleportation.
  8239 | Lair:2   | HP: 4/55 [merfolk/+0 trident (10)]
  8609 | Lair:2   | 8609 ||| DROPPING amulet of regeneration.
  8637 | Lair:3   | 8637 ||| RETREEEEATING.
  8638 | Lair:3   | 8638 ||| RETREEEEATING.
  8639 | Lair:3   | 8639 ||| RETREEEEATING.
  8640 | Lair:3   | 8640 ||| RETREEEEATING.
  8641 | Lair:3   | 8641 ||| RETREEEEATING.
  8642 | Lair:3   | 8642 ||| RETREEEEATING.
  8642 | Lair:3   | Noticed a six-headed hydra
  8643 | Lair:3   | 8643 ||| INVOKING Finesse.
  8653 | Lair:3   | Killed a six-headed hydra
  8654 | Lair:3   | Reached XP level 12. HP: 56/60 MP: 15/20
  8664 | Lair:3   | Reached skill level 15 in Dodging
  8693 | Lair:3   | Noticed Prince Ribbit
  8698 | Lair:3   | Killed Prince Ribbit
  8709 | Lair:3   | 8709 ||| RETREEEEATING.
  8710 | Lair:3   | 8710 ||| RETREEEEATING.
  8711 | Lair:3   | 8711 ||| RETREEEEATING.
  8715 | Lair:3   | 8715 ||| RETREEEEATING.
  8727 | Lair:3   | Received a gift from Okawaru
  8758 | Lair:3   | 8758 ||| RETREEEEATING.
  8760 | Lair:3   | 8760 ||| RETREEEEATING.
  8761 | Lair:3   | 8761 ||| RETREEEEATING.
  8763 | Lair:3   | 8763 ||| RETREEEEATING.
  8772 | Lair:3   | Noticed Amaemon
  8783 | Lair:3   | Killed Amaemon
  8926 | Lair:3   | Noticed an eight-headed hydra
  8927 | Lair:3   | 8927 ||| INVOKING Finesse.
  8930 | Lair:3   | Killed an eight-headed hydra
  8931 | Lair:3   | Reached skill level 16 in Dodging
  9109 | Lair:3   | Found a staircase to the Snake Pit.
  9166 | Lair:3   | 9166 ||| RETREEEEATING.
  9173 | Lair:3   | 9173 ||| RETREEEEATING.
  9174 | Lair:3   | 9174 ||| RETREEEEATING.
  9175 | Lair:3   | 9175 ||| RETREEEEATING.
  9176 | Lair:3   | 9176 ||| RETREEEEATING.
  9177 | Lair:3   | 9177 ||| RETREEEEATING.
  9178 | Lair:3   | 9178 ||| RETREEEEATING.
  9392 | Lair:3   | Noticed a seven-headed hydra
  9393 | Lair:3   | 9393 ||| INVOKING Finesse.
  9400 | Lair:3   | Killed a seven-headed hydra
  9445 | Lair:3   | 9445 ||| READING 2 scrolls of identify.
  9445 | Lair:3   | 9445 ||| IDENTIFYING purple potion
  9446 | Lair:3   | 9446 ||| READING scroll of identify.
  9446 | Lair:3   | 9446 ||| IDENTIFYING fizzy pink potion
  9447 | Lair:3   | 9447 ||| DROPPING potion of attraction.
  9448 | Lair:3   | 9448 ||| DROPPING potion of invisibility.
  9539 | Lair:4   | Received a gift from Okawaru
  9539 | Lair:4   | Noticed Rupert
  9540 | Lair:4   | 9540 ||| INVOKING Finesse.
  9548 | Lair:4   | Killed Rupert
  9549 | Lair:4   | Reached skill level 17 in Dodging
  9633 | Lair:4   | Found a staircase to the Slime Pits.
  9734 | Lair:4   | 9734 ||| RETREEEEATING.
  9736 | Lair:4   | 9736 ||| RETREEEEATING.
  9737 | Lair:4   | 9737 ||| RETREEEEATING.
  9738 | Lair:4   | 9738 ||| RETREEEEATING.
  9740 | Lair:4   | 9740 ||| RETREEEEATING.
  9741 | Lair:4   | 9741 ||| RETREEEEATING.
  9744 | Lair:4   | 9744 ||| RETREEEEATING.
  9746 | Lair:4   | Reached XP level 13. HP: 63/63 MP: 21/21
  9829 | Lair:4   | 9829 ||| READING scroll of enchant armour.
  9829 | Lair:4   | 9829 ||| ENCHANTING +0 steam dragon scales.
  9978 | Lair:4   | 9978 ||| DROPPING +4 ring of protection.
 10133 | Lair:5   | Entered Level 5 of the Lair of Beasts
 10149 | Lair:5   | Reached skill level 6 in Fighting
 10241 | Lair:5   | 10241 ||| RETREEEEATING.
 10242 | Lair:5   | 10242 ||| RETREEEEATING.
 10243 | Lair:5   | 10243 ||| RETREEEEATING.
 10244 | Lair:5   | 10244 ||| RETREEEEATING.
 10245 | Lair:5   | 10245 ||| RETREEEEATING.
 10250 | Lair:5   | 10250 ||| RETREEEEATING.
 10275 | Lair:5   | 10275 ||| RETREEEEATING.
 10343 | Lair:5   | Received a gift from Okawaru
 10352 | Lair:5   | Reached ****** piety under Okawaru
 10353 | Lair:5   | Reached skill level 18 in Dodging
 10354 | Lair:5   | 10354 ||| INVOKING Receive Weapon.
 10354 | Lair:5   | 10354 ||| ACQUIRING +3 hand cannon of freezing
 10354 | Lair:5   | Acquired a +3 hand cannon of freezing
 10354 | Lair:5   | Received a gift from Okawaru
 10355 | Lair:5   | 10355 ||| INVOKING Receive Armour.
 10355 | Lair:5   | 10355 ||| ACQUIRING +2 hat of intelligence
 10355 | Lair:5   | Acquired a +2 hat of intelligence
 10355 | Lair:5   | Received a gift from Okawaru
 10357 | Lair:5   | 10357 ||| SWAPPING to +3 hand cannon of freezing.
 10358 | Lair:5   | 10358 ||| DROPPING +2 arbalest of draining.
 10502 | Lair:5   | 10502 ||| RETREEEEATING.
 10503 | Lair:5   | 10503 ||| RETREEEEATING.
 10504 | Lair:5   | 10504 ||| RETREEEEATING.
 10506 | Lair:5   | 10506 ||| RETREEEEATING.
 10508 | Lair:5   | 10508 ||| RETREEEEATING.
 10543 | Lair:5   | 10543 ||| RETREEEEATING.
 10544 | Lair:5   | 10544 ||| RETREEEEATING.
 10545 | Lair:5   | 10545 ||| RETREEEEATING.
 10546 | Lair:5   | 10546 ||| RETREEEEATING.
 10547 | Lair:5   | 10547 ||| RETREEEEATING.
 10548 | Lair:5   | 10548 ||| RETREEEEATING.
 10550 | Lair:5   | 10550 ||| RETREEEEATING.
 10552 | Lair:5   | 10552 ||| RETREEEEATING.
 10558 | Lair:5   | 10558 ||| RETREEEEATING.
 10560 | Lair:5   | 10560 ||| RETREEEEATING.
 10569 | Lair:5   | Reached skill level 15 in Ranged Weapons
 10704 | Lair:5   | Received a gift from Okawaru
 10809 | Lair:5   | Identified the +3 morningstar of the Dungeon {pain, rPois
                  | rC- Dex+2 SInv}
 10811 | Lair:5   | Got an earthy gem with 669 turns to spare
 10814 | Lair:5   | 10814 ||| READING scroll of brand weapon.
 10814 | Lair:5   | 10814 ||| BRANDING +3 hand cannon of freezing.
 10829 | Lair:5   | 10829 ||| INVOKING Finesse.
 10831 | Lair:5   | Reached skill level 19 in Dodging
 11180 | Lair:5   | 11180 ||| PLANNING D:1-11
 11180 | Lair:5   | 11180 ||| UPGRADING to +2 hat of intelligence.
 11185 | Lair:5   | 11185 ||| UPGRADING to +2 cloak.
 11195 | Lair:5   | 11195 ||| DROPPING +1 cloak.
 11196 | Lair:5   | 11196 ||| DROPPING ring of positive energy.
 11197 | Lair:5   | 11197 ||| READING 5 scrolls of identify.
 11197 | Lair:5   | 11197 ||| IDENTIFYING scroll labelled VIENUKLIYK
 11198 | Lair:5   | 11198 ||| DROPPING scroll of revelation.
 11367 | D:10     | Entered Level 10 of the Dungeon
 11556 | D:10     | 11556 ||| STAIRDANCE
 11670 | D:10     | 11670 ||| RETREEEEATING.
 11672 | D:10     | 11672 ||| RETREEEEATING.
 11678 | D:10     | Noticed Josephine
 11679 | D:10     | 11679 ||| RETREEEEATING.
 11682 | D:10     | 11682 ||| ZAPPING wand of acid (9) at -2,-1 (Josephine;
                  | floor).
 11683 | D:10     | 11683 ||| INVOKING Finesse.
 11689 | D:10     | Killed Josephine
 11751 | D:10     | Noticed Erolcha
 11757 | D:10     | Killed Erolcha
 11797 | D:10     | Received a gift from Okawaru
 11985 | D:10     | Reached XP level 14. HP: 70/70 MP: 22/22
 12238 | D:10     | 12238 ||| UPGRADING to scarf of resistance.
 12535 | D:11     | Identified the +1 robe of Submission {rC+ Slay+3}
 12745 | D:11     | 12745 ||| UPGRADING to +1 robe of Submission {rC+ Slay+3}.
 12755 | D:11     | 12755 ||| READING 5 scrolls of identify.
 12755 | D:11     | 12755 ||| IDENTIFYING bubbling purple potion
 12872 | D:11     | 12872 ||| PLANNING D
 12901 | D:11     | Found a bloodstained altar of Trog.
 13219 | D:12     | 13219 ||| RETREEEEATING.
 13219 | D:12     | Noticed Kirke
 13220 | D:12     | 13220 ||| RETREEEEATING.
 13221 | D:12     | 13221 ||| RETREEEEATING.
 13222 | D:12     | 13222 ||| RETREEEEATING.
 13223 | D:12     | 13223 ||| RETREEEEATING.
 13224 | D:12     | 13224 ||| RETREEEEATING.
 13225 | D:12     | 13225 ||| RETREEEEATING.
 13226 | D:12     | 13226 ||| RETREEEEATING.
 13227 | D:12     | 13227 ||| RETREEEEATING.
 13228 | D:12     | 13228 ||| RETREEEEATING.
 13229 | D:12     | 13229 ||| RETREEEEATING.
 13230 | D:12     | 13230 ||| RETREEEEATING.
 13233 | D:12     | 13233 ||| RETREEEEATING.
 13234 | D:12     | 13234 ||| RETREEEEATING.
 13235 | D:12     | 13235 ||| RETREEEEATING.
 13236 | D:12     | 13236 ||| ZAPPING wand of acid (13) at -4,0 (Kirke; floor).
 13237 | D:12     | 13237 ||| ZAPPING wand of acid (12) at -3,0 (Kirke; floor).
 13238 | D:12     | 13238 ||| INVOKING Finesse.
 13244 | D:12     | Killed Kirke
 13892 | D:12     | 13892 ||| READING 5 scrolls of identify.
 13892 | D:12     | 13892 ||| IDENTIFYING ruby potion
 13893 | D:12     | 13893 ||| DROPPING potion of ambrosia.
 13990 | D:13     | Received a gift from Okawaru
 14078 | D:13     | Found a snail-covered altar of Cheibriados.
 14499 | D:14     | 14499 ||| RETREEEEATING.
 14502 | D:14     | 14502 ||| RETREEEEATING.
 14503 | D:14     | 14503 ||| RETREEEEATING.
 14503 | D:14     | Found a gate to the Vaults.
 14504 | D:14     | 14504 ||| RETREEEEATING.
 14505 | D:14     | 14505 ||| INVOKING Finesse.
 14529 | D:14     | Received a gift from Okawaru
 14972 | D:14     | 14972 ||| Stepping ~*~*~tactically~*~*~ (cloud).
 15147 | D:14     | Found a glowing silver altar of Zin.
 15148 | D:14     | Found a white marble altar of Elyvilon.
 15151 | D:14     | Found a glowing golden altar of the Shining One.
 15294 | D:14     | Reached skill level 20 in Dodging
 15352 | D:14     | 15352 ||| UPGRADING to amulet of faith.
 15362 | D:14     | 15362 ||| UPGRADING to +2 cloak.
 15391 | D:15     | Entered Level 15 of the Dungeon
 15414 | D:15     | 15414 ||| FLEEEEING.
 15415 | D:15     | 15415 ||| FLEEEEING.
 15416 | D:15     | 15416 ||| FLEEEEING.
 15417 | D:15     | 15417 ||| FLEEEEING.
 15418 | D:15     | 15418 ||| FLEEEEING.
 15419 | D:15     | 15419 ||| FLEEEEING.
 15421 | D:15     | 15421 ||| FLEEEEING.
 15422 | D:15     | 15422 ||| STAIRDANCE
 15576 | D:15     | 15576 ||| READING scroll of brand weapon.
 15576 | D:15     | 15576 ||| BRANDING +3 hand cannon of electrocution.
 15677 | D:15     | HP: 9/72 [centaur warrior/arrow (11)]
 15678 | D:15     | 15678 ||| READING 12 scrolls of teleportation.
 15679 | D:15     | 15679 ||| DRINKING potion of heal wounds.
 15913 | D:15     | Received a gift from Okawaru
 15991 | D:15     | Found a staircase to the Depths.
 16003 | D:15     | Got a smoky gem with 853 turns to spare
 16437 | D:15     | 16437 ||| READING scroll of brand weapon.
 16437 | D:15     | 16437 ||| BRANDING +3 hand cannon of freezing.
 16472 | D:15     | 16472 ||| RETREEEEATING.
 16652 | D:15     | 16652 ||| PLANNING ORC
 16652 | D:15     | 16652 ||| READING 6 scrolls of identify.
 16652 | D:15     | 16652 ||| IDENTIFYING brown potion
 16833 | Orc:1    | Entered Level 1 of the Orcish Mines
 16964 | Orc:2    | Entered Level 2 of the Orcish Mines
 16965 | Orc:2    | 16965 ||| STAIRDANCE
 16972 | Orc:2    | 16972 ||| RETREEEEATING.
 16973 | Orc:2    | 16973 ||| RETREEEEATING.
 16974 | Orc:2    | 16974 ||| RETREEEEATING.
 16975 | Orc:2    | 16975 ||| RETREEEEATING.
 16996 | Orc:2    | 16996 ||| INVOKING Finesse.
 17000 | Orc:2    | Reached skill level 18 in Ranged Weapons
 17000 | Orc:2    | Reached XP level 15. HP: 75/75 MP: 17/23
 17006 | Orc:2    | Received a gift from Okawaru
 17132 | Orc:2    | 17132 ||| INVOKING Finesse.
 17169 | Orc:2    | 17169 ||| DROPPING +1 steam dragon scales.
 17193 | Orc:2    | Received a gift from Okawaru
 17379 | Orc:2    | Found Bodireh's Book Shop.
 17380 | Orc:2    | Found Vasofysu's Jewellery Shop.
 17385 | Orc:2    | Found Uvin's Armour Emporium.
 17414 | Orc:2    | 17414 ||| BUYING +6 ring of dexterity (432 gold).
 17414 | Orc:2    | Bought a +6 ring of dexterity for 432 gold pieces
 17418 | Orc:2    | 17418 ||| RETREEEEATING.
 17421 | Orc:2    | 17421 ||| RETREEEEATING.
 17422 | Orc:2    | 17422 ||| RETREEEEATING.
 17424 | Orc:2    | 17424 ||| RETREEEEATING.
 17425 | Orc:2    | 17425 ||| RETREEEEATING.
 17426 | Orc:2    | 17426 ||| RETREEEEATING.
 17428 | Orc:2    | 17428 ||| RETREEEEATING.
 17429 | Orc:2    | 17429 ||| RETREEEEATING.
 17482 | Orc:2    | Found Isethrea's Book Boutique.
 17619 | Orc:2    | Found a staircase to the Elven Halls.
 17621 | Orc:2    | 17621 ||| UPGRADING to +6 ring of dexterity.
 17623 | Orc:2    | 17623 ||| DROPPING ring of fire.
 17766 | Orc:1    | Found a runed translucent gate.
 17766 | Orc:1    | Found a runed translucent gate.
 17766 | Orc:1    | Found a runed translucent gate.
 17792 | Orc:1    | Noticed Jisity's ghost (adept HuFi)
 17792 | Orc:1    | Noticed Segg's ghost (adept GnSk)
 17792 | Orc:1    | Noticed Dootley's ghost (journeyman FoFi)
 18159 | Orc:2    | 18159 ||| PLANNING SHOALS:1-3
 18345 | Shoals:1 | Entered Level 1 of the Shoals
 18369 | Shoals:1 | Noticed Roxanne
 18370 | Shoals:1 | 18370 ||| INVOKING Finesse.
 18383 | Shoals:1 | Killed Roxanne
 18383 | Shoals:1 | Received a gift from Okawaru
 18817 | Shoals:1 | Reached skill level 21 in Dodging
 18818 | Shoals:1 | HP: 12/77 [centaur warrior/arrow (22)]
 18819 | Shoals:1 | 18819 ||| READING 12 scrolls of teleportation.
 18820 | Shoals:1 | Mangled by a merfolk

Levels and vault maps discovered:
D:1:      kennysheep_arrival_forest, layout_rooms, serial_shops, shop
D:2:      layout_loops_cross, basic_altar, uniq_sigmund
D:3:      corexii_shack_village, layout_loops_ring, nicolae_ashenzari_skybound,
          nicolae_ecumenical_snake_handling
D:4:      layout_basic, mainiacjoe_overflow_24_doors
D:5:      wad_crossroads, layout_gridville, minmay_temple_entry_mist,
          serial_shops, nicolae_shop_stone, portal_sewer_entry_f,
          hangedman_feature_mirror, serial_bayou_crossing
D:6:      layout_basic, jmf_multi_god_temple2,
          chequers_temple_overflow_statue_of_worship
D:7:      layout_loops_corners, lemuel_round_altar
D:8:      layout_loops_ring, old_standard_altar, st_stairs_4
D:9:      nicolae_hitomezashi [nicolae_hito_row, nicolae_hito_row,
          nicolae_hito_row, nicolae_hito_row, nicolae_hito_row,
          nicolae_hito_row, nicolae_hito_row, nicolae_hito_row,
          nicolae_hito_row, nicolae_hito_row, nicolae_hito_row,
          nicolae_hito_row, nicolae_hito_row, nicolae_hito_row,
          nicolae_hito_row, nicolae_hito_row, nicolae_hito_row,
          nicolae_hito_row], layout_loops_cross, old_standard_altar,
          fedhas_altar_3, lair_entry_dummy, david_orc_4, hex_medium
D:10:     layout_basic, minivault_12, uniq_erolcha, uniq_josephine
D:11:     lemuel_ice_statue, layout_rooms, tgw_trog
D:12:     layout_layer_cave, uniq_kirke
D:13:     layout_loops_cross, cheibrodos_worm_habitat
D:14:     layout_loops_cross, erik_vaults_2, good_gods_temple_1
D:15:     grunt_enter_depths_hoard, layout_stronghold,
          nicolae_figureground_pulse, grunt_ministairs_13
Temple:   nicolae_temple_x_marks_the_god
Lair:1:   layout_gridlike
Lair:2:   layout_loops_ring, elwin_shoals_entry_stream,
          gammafunk_ghost_hydra_chop, minivault_19
Lair:3:   layout_hall_layers, guppyfry_snake_entry_garden, grunt_megastairs_5,
          uniq_prince_ribbit2, uniq_amaemon
Lair:4:   layout_gridlike, slime_entry_1, serial_bayou_shore_b,
          lemuel_fruit_fields, serial_bayou_shore_a, uniq_rupert
Lair:5:   minmay_lair_end_frog_pond, layout_cellular_growth
Shoals:1: layout_shoals, nicolae_shoals_flooded_hall, uniq_roxanne
Orc:1:    layout_caves, gammafunk_ghost_cemetery
Orc:2:    st_orc_open, layout_diamond_mine, basic_altar

Skill      XL: |  1  2  3  4  5  6  7  8  9 10 11 12 13 14 15 |
---------------+----------------------------------------------+-----
Dodging        | 3 4 7 8 9 10 12 13 14 17 19 20 21 | 21.0
Ranged Weapons | 6 7 8 10 11 12 14 15 18 | 18.5
Fighting       | 2 3 4 5 6 7 8 |  8.0
Invocations    | 3 4 7 10 | 10.0
Armour         | 1 2 |  2.0
Stealth        | |  1.5

Action                     |  1- 3 |  4- 6 |  7- 9 | 10-12 | 13-15 || total
---------------------------+-------+-------+-------+-------+-------++-------
   Fire: Shortbow          |    80 |       |       |       |       ||    80
         Arbalest          |    23 |    93 |   168 |   461 |    85 ||   830
         Hand cannon       |       |       |       |       |   782 ||   782
 Invoke: Heroism           |       |       |     1 |       |       ||     1
         Finesse           |       |       |       |     7 |     7 ||    14
         Receive Weapon    |       |       |       |       |     1 ||     1
         Receive Armour    |       |       |       |       |     1 ||     1
  Evoke: Wand              |       |       |       |       |     3 ||     3
    Use: Scroll            |     8 |     5 |     7 |     9 |    10 ||    39
         Potion            |     1 |     1 |       |     1 |     1 ||     4
 Armour: Robe              |    15 |     2 |    12 |       |    53 ||    82
         Steam dragon scal |       |       |     1 |    41 |    21 ||    63
  Dodge: Dodged            |    40 |    33 |    65 |   335 |   506 ||   979
  Block: Other             |       |     7 |    12 |    52 |    39 ||   110
         Reflection        |       |     1 |       |     1 |     2 ||     4

Table legend:
 A = Non-vault XP
 B = Vault XP
 C = Vault XP percentage of total XP
 D = Non-vault monster count
 E = Vault monster count
 F = Vault count percentage of total count
                 A         B        C        D         E       F
            +---------+---------+-------+---------+---------+-------
      Total |   78673 |   51119 |  39.4 |     474 |     181 |  27.6
            +---------+---------+-------+---------+---------+-------
        D:1 |      40 |       0 |   0.0 |      24 |       0 |   0.0
        D:2 |      53 |     243 |  82.1 |      24 |       1 |   4.0
        D:3 |      47 |      45 |  48.9 |      13 |      13 |  50.0
        D:4 |     145 |       0 |   0.0 |      18 |       0 |   0.0
        D:5 |     534 |     440 |  45.2 |      15 |      11 |  42.3
        D:6 |     834 |     210 |  20.1 |      24 |       2 |   7.7
        D:7 |    1681 |       0 |   0.0 |      29 |       0 |   0.0
        D:8 |     851 |     100 |  10.5 |      13 |       2 |  13.3
        D:9 |    4587 |     750 |  14.1 |      49 |      17 |  25.8
       D:10 |    1574 |    2818 |  64.2 |      19 |       7 |  26.9
       D:11 |    3007 |     459 |  13.2 |      12 |       6 |  33.3
       D:12 |    1961 |    2544 |  56.5 |       5 |       7 |  58.3
       D:13 |    4996 |       5 |   0.1 |      13 |       1 |   7.1
       D:14 |    6226 |    6909 |  52.6 |      17 |       8 |  32.0
       D:15 |    6731 |    3071 |  31.3 |      21 |       7 |  25.0
     Lair:1 |    5693 |       0 |   0.0 |      24 |       0 |   0.0
     Lair:2 |    4329 |     939 |  17.8 |      18 |       3 |  14.3
     Lair:3 |   10330 |    3241 |  23.9 |      25 |      13 |  34.2
     Lair:4 |    3712 |    1914 |  34.0 |      15 |       1 |   6.2
     Lair:5 |    9356 |    9979 |  51.6 |      26 |      34 |  56.7
   Shoals:1 |    5406 |    2501 |  31.6 |      10 |       5 |  33.3
      Orc:1 |    3407 |       0 |   0.0 |      28 |       0 |   0.0
      Orc:2 |    3173 |   14815 |  82.4 |      32 |      37 |  53.6
      Sewer |       0 |     136 | 100.0 |       0 |       6 | 100.0
            +---------+---------+-------+---------+---------+-------
